 Dungeon Crawl Stone Soup version 0.19-a0-1895-g783e625 (webtiles) character file.

73409 tboon the Severer (level 15, -9/135 HPs)
             Began as a Minotaur Fighter on Oct 17, 2016.
             Was the Champion of Okawaru.
             Killed from afar by Nikola (32 damage)
             ... with a chain lightning
             ... on level 1 of the Snake Pit on Oct 18, 2016.
             The game lasted 01:34:19 (23659 turns).

tboon the Severer (Minotaur Fighter)               Turns: 23659, Time: 01:34:20

Health: -9/135     AC: 32    Str: 26    XL:     15   Next: 3%
Magic:  12/21      EV: 13    Int:  7    God:    Okawaru [******]
Gold:   1322       SH:  0    Dex: 16    Spells: 0 memorised, 14 levels left

rFire  . . .     SeeInvis .     S - +1 executioner's axe (elec)
rCold  + . .     Gourm    .     K - +7 chain mail of Kleptomania {rPois rC+}
rNeg   . . .     Faith    .     (shield currently unavailable)
rPois  +         Spirit   .     U - +2 hat
rElec  .         Reflect  .     Q - +0 cloak {+Inv}
rCorr  .         Harm     .     a - +1 pair of gloves {Dex+3}
MR     ++...                    m - +2 pair of boots
Stlth  ..........               (no amulet)
                                Y - +4 ring of strength
                                e - ring of protection from magic

@: heroism
A: retaliatory headbutt, horns 2
a: Heroism, Finesse, Renounce Religion, Evoke Invisibility


You were on level 1 of the Snake Pit.
You worshipped Okawaru.
Okawaru was exalted by your worship.
You were not hungry.

You visited 3 branches of the dungeon, and saw 20 of its levels.
You also visited: Ice Cave.

You collected 1322 gold pieces.

Inventory:

Hand Weapons
 L - a +0 great mace of protection
 S - a +1 executioner's axe of electrocution (weapon)
Armour
 a - a +1 pair of gloves of dexterity (worn)
 m - a +2 pair of boots (worn)
 K - the +7 chain mail of Kleptomania (worn) {rPois rC+}
   (You found it on level 12 of the Dungeon)

   It protects you from cold.
   It protects you from poison.
 Q - a +0 cloak of invisibility (worn)
 U - a +2 hat (worn)
Jewellery
 c - a +2 ring of dexterity {unknown}
 e - a ring of protection from magic (left hand)
 x - an uncursed ring of protection from magic
 Y - a +4 ring of strength (right hand)
Wands
 v - a wand of lightning (15/15)
 B - a wand of hasting (5/9)
 O - a wand of teleportation (2/9)
 R - a wand of iceblast (8/15)
Scrolls
 b - 8 scrolls of teleportation
 g - 4 scrolls of magic mapping
 i - 4 scrolls of fog
 k - a scroll of recharging
 n - a scroll of blinking {unknown}
 o - a scroll of summoning {unknown}
 p - a scroll of fear
 u - 5 scrolls of remove curse
 A - a scroll of amnesia
 D - a scroll of enchant weapon {unknown}
 H - a scroll of silence {unknown}
 J - a scroll of enchant armour {unknown}
 N - 2 scrolls of identify
Potions
 d - 3 potions of resistance
 h - a potion of flight
 q - 8 potions of curing
 r - a potion of cancellation
 t - a potion of invisibility
 z - 5 potions of might
 C - 7 potions of heal wounds
 E - a potion of berserk rage
 G - a potion of cure mutation
 I - a potion of haste
 M - 2 potions of agility
 P - 2 potions of brilliance
Comestibles
 f - 14 bread rations
 j - 5 meat rations
 l - 6 fruits


   Skills:
 + Level 13.1(18.1) Fighting
 * Level 18.2(23.2) Axes
 + Level 13.4(18.4) Armour
 - Level 1.6(6.6) Dodging
 - Level 0.3(5.3) Stealth
   Level 13.5(18.5) Shields
 + Level 10.3 Invocations


You had 14 spell levels left.
You didn't know any spells.

Dungeon Overview and Level Annotations

Branches:
Dungeon (13/15)            Temple (0/1) D:6            Lair (6/6) D:11
 Shoals (0/4) Lair:3        Snake (1/4) Lair:3        Slime (0/5) Lair:5
    Orc (0/2) D:10
 Vaults: D:13-14

Altars:
Dithmenos
Elyvilon
Fedhas
Gozag
Kikubaaqudgha
Makhleb
Okawaru
Qazlal
Uskayaw
Vehumet
Zin
Jiyva

Shops:
D:9 %   D:11 *

Annotations:
Snake:1 Nikola


Innate Abilities, Weirdness & Mutations

You reflexively headbutt those who attack you in melee.
You have a pair of horns on your head.


Message History

Nikola hits you with a rapier of electrocution.
You are electrocuted!
* * * LOW HITPOINT WARNING * * *
The mana viper barely misses you.
You slice Nikola!!
Nikola is almost dead.
You slice the mana viper!!
You kill the mana viper!
Okawaru accepts your kill. Nikola casts a spell at you. The zap hits you!
* * * LOW HITPOINT WARNING * * *
You slash Nikola! Your headbutt misses Nikola.
Nikola is almost dead.
Nikola mumbles some strange words.
You hear a mighty clap of thunder!
The lightning arc hits you!
* * * LOW HITPOINT WARNING * * *
The lightning arc hits the black mamba.
The lightning arc hits you!
You die...

##........# ##..###..## .
#........# #...##...# ##
#.........# ##.......##
..... ##.........
#........##.....# ....
##................ .....
##..............#
......##.....##........##
.......S.....###.........
.......@@.....# ###......
...............# ##.....
............##...##......
...........## #..........
##.......... ####.....#
##.......... #......#
##.......#.. ..#......#
###....#####.>........
###########


You could see Nikola and a black mamba.

Vanquished Creatures
  A frost giant (IceCv)
  Fannar (D:11)
  Josephine (D:10)
  2 naga warriors (Snake:1)
  3 hydras
  A death knight (D:13)
  The ghost of Drazool the Thaumaturge, a journeyman GrEE of Vehumet (Lair:2)
  2 centaur warriors (D:13)
  An anaconda (Snake:1)
  A death yak (Lair:6)
  Urug (Lair:2)
  3 naga sharpshooters (Snake:1)
  Nergalle (D:11)
  6 skeletal warriors
  2 unseen horrors
  An oklob plant (Lair:4)
  Pikel (D:6)
  A mana viper (Snake:1)
  2 deep elf magi
  An ugly thing (D:11)
  3 cyclopes
  4 elephants (Lair:6)
  3 torpor snails
  A salamander (Snake:1)
  2 ice statues (IceCv)
  7 black mambas
  A siren (Lair:3)
  A naga mage (Snake:1)
  A centaur zombie (D:10)
  A gargoyle (D:13)
  Psyche (D:8)
  The ghost of taraiph the Geomancer, a novice SpEE of Gozag (D:8)
  9 spiny frogs
  4 rime drakes
  8 komodo dragons
  2 freezing wraiths (D:13)
  A troll (D:11)
  A merfolk (Lair:3)
  20 polar bears
  Grinder (D:4)
  13 blink frogs
  2 two-headed ogres
  2 dream sheep (Lair:6)
  13 hippogriffs
  3 hornets (Lair:6)
  2 centaur simulacra (D:13)
  16 spriggans
  Sigmund (D:3)
  4 wyverns
  A water elemental (D:13)
  5 wraiths (D:10)
  42 yaks
  Eustachio (D:4)
  Menkaure (D:4)
  4 hungry ghosts
  4 basilisks
  A mottled dragon (D:13)
  A warg (D:10)
  8 nagas (Snake:1)
  15 water moccasins
  2 sky beasts
  10 orc warriors
  10 porcupines
  6 black bears
  2 slaves (D:6)
  14 ice beasts
  5 phantoms
  34 wolves
  3 ogres
  3 boggarts (Lair:6)
  15 centaurs
  16 crocodiles
  2 big kobolds
  Blork the orc (D:4)
  10 bullfrogs
  A wyvern zombie (D:6)
  A wyvern skeleton (D:13)
  A scorpion (D:10)
  6 killer bees
  2 electric eels
  A howler monkey (D:10)
  2 crimson imps
  A bullfrog zombie (D:10)
  2 quasits
  2 jellies
  9 orc priests
  9 hounds
  3 bullfrog skeletons
  A centaur skeleton (D:10)
  Crazy Yiuf (D:2)
  7 orc wizards
  A gnoll shaman (D:9)
  Jessica (D:3)
  10 iguanas
  8 worker ants
  A killer bee zombie (D:6)
  A bullfrog simulacrum (D:13)
  2 hound skeletons
  A howler monkey skeleton (D:9)
  12 gnolls
  A river rat (D:11)
  21 adders
  3 shadow imps
  2 white imps (D:13)
  An ufetubus (D:13)
  2 oozes
  3 adder skeletons
  A dart slug (D:3)
  7 leopard geckos
  54 orcs
  5 ball pythons
  6 giant cockroaches
  13 goblins
  6 hobgoblins
  4 jackals (D:4)
  16 kobolds
  7 quokkas
  10 bats
  4 frilled lizards
  A quokka zombie (D:7)
  6 rats
  5 fungi
  4 plants
645 creatures vanquished.

Vanquished Creatures (others)
  3 minotaurs (D:1)
  An octopode (D:1)
  A vine stalker (D:1)
  An elf (D:1)
  3 vampires (D:1)
  2 formicids (D:1)
  3 dwarves (D:1)
  A slave (D:6)
  A mummy (D:1)
  2 fungi
  5 plants (D:11)
  5 tentacles (D:1)
28 creatures vanquished.

Grand Total: 673 creatures vanquished

Notes
Turn   | Place    | Note
-------+----------+-------------------------------------------
     0 | D:1      | tboon the Minotaur Fighter began the quest for the Orb.
     0 | D:1      | Reached XP level 1. HP: 19/19 MP: 0/0
     2 | D:1      | Noticed a dwarf
     2 | D:1      | Noticed a minotaur
     2 | D:1      | Noticed an elf
     2 | D:1      | Noticed a vampire
     2 | D:1      | Noticed a minotaur
     2 | D:1      | Noticed a dwarf
     2 | D:1      | Noticed a vampire
     2 | D:1      | Noticed a formicid
     2 | D:1      | Noticed a kraken
     2 | D:1      | Noticed a formicid
     2 | D:1      | Noticed a vampire
     2 | D:1      | Noticed an octopode
     2 | D:1      | Noticed a dwarf
     2 | D:1      | Noticed a vine stalker
     2 | D:1      | Noticed a minotaur
     4 | D:1      | Killed a minotaur
     7 | D:1      | Killed a formicid
     7 | D:1      | Killed an octopode
     8 | D:1      | Killed a vampire
     8 | D:1      | Killed a vine stalker
    10 | D:1      | Killed a dwarf
    11 | D:1      | Killed a minotaur
    11 | D:1      | Killed a formicid
    11 | D:1      | Killed a dwarf
    12 | D:1      | Killed an elf
    13 | D:1      | Killed a vampire
    13 | D:1      | Killed a vampire
    14 | D:1      | Killed a minotaur
    14 | D:1      | Killed a dwarf
   192 | D:1      | Reached XP level 2. HP: 27/27 MP: 1/1
   436 | D:1      | Reached skill level 3 in Axes
   585 | D:2      | Reached XP level 3. HP: 32/33 MP: 2/2
   661 | D:2      | Found a runed door.
  1024 | D:2      | Reached XP level 4. HP: 40/40 MP: 3/3
  1749 | D:2      | Noticed Crazy Yiuf
  1755 | D:2      | Killed Crazy Yiuf
  1755 | D:2      | Reached skill level 4 in Axes
  1859 | D:3      | Noticed a hippogriff
  1874 | D:3      | Killed a hippogriff
  1874 | D:3      | Reached skill level 5 in Axes
  1874 | D:3      | Reached skill level 1 in Dodging
  1874 | D:3      | Reached XP level 5. HP: 12/47 MP: 4/4
  1874 | D:3      | Reached XP level 6. HP: 13/53 MP: 5/5
  2140 | D:3      | Found an iron altar of Okawaru.
  2140 | D:3      | Found a stormy altar of Qazlal.
  2146 | D:3      | Found a blossoming altar of Fedhas.
  2148 | D:3      | Found a faded altar of an unknown god.
  2149 | D:3      | Found a faded altar of an unknown god.
  2159 | D:3      | Became a worshipper of Warmaster Okawaru
  2257 | D:3      | Found a burning altar of Makhleb.
  2335 | D:3      | Noticed Sigmund
  2349 | D:3      | Killed Sigmund
  2349 | D:3      | Reached skill level 6 in Axes
  2349 | D:3      | Reached skill level 5 in Armour
  2349 | D:3      | Reached skill level 5 in Shields
  2418 | D:3      | Reached skill level 5 in Fighting
  2418 | D:3      | Reached XP level 7. HP: 44/61 MP: 6/6
  2704 | D:3      | Noticed Jessica
  2741 | D:3      | Killed Jessica
  2817 | D:4      | Reached * piety under Okawaru
  2854 | D:4      | Found an opulent altar of Gozag.
  2920 | D:4      | Noticed Grinder
  2944 | D:4      | Killed Grinder
  2944 | D:4      | Reached skill level 7 in Axes
  3057 | D:4      | Found a white marble altar of Elyvilon.
  3058 | D:4      | Noticed Eustachio
  3078 | D:4      | Killed Eustachio
  3166 | D:4      | Noticed Menkaure
  3171 | D:4      | Reached XP level 8. HP: 68/68 MP: 7/7
  3189 | D:4      | Killed Menkaure
  3189 | D:4      | Reached ** piety under Okawaru
  3189 | D:4      | Reached skill level 8 in Axes
  3521 | D:4      | Noticed Blork the orc
  3529 | D:4      | Killed Blork the orc
  3862 | D:5      | Entered Level 5 of the Dungeon
  3961 | D:5      | Reached skill level 9 in Axes
  4001 | D:5      | Reached skill level 1 in Invocations
  4200 | D:6      | Found a staircase to the Ecumenical Temple.
  4273 | D:6      | Noticed Pikel
  4317 | D:6      | Killed Pikel
  4317 | D:6      | Reached *** piety under Okawaru
  4317 | D:6      | Reached XP level 9. HP: 69/75 MP: 6/9
  4432 | D:6      | Found an ancient bone altar of Kikubaaqudgha.
  4705 | D:7      | Reached skill level 10 in Axes
  4746 | D:7      | Found a radiant altar of Vehumet.
  4746 | D:7      | Found a hide-covered altar of Uskayaw.
  4747 | D:7      | Found a glowing silver altar of Zin.
  4768 | D:7      | Found an iron altar of Okawaru.
  5299 | D:8      | Noticed taraiph's ghost (novice SpEE)
  5313 | D:8      | Reached **** piety under Okawaru
  5336 | D:8      | Killed taraiph's ghost
  5336 | D:8      | Reached skill level 11 in Axes
  5748 | D:8      | Reached XP level 10. HP: 67/86 MP: 11/11
  6104 | D:8      | Noticed Psyche
  6113 | D:8      | Killed Psyche
  6560 | D:9      | Received a gift from Okawaru
  6571 | D:9      | Found Fobaqyub's Food Shoppe.
  6772 | D:9      | Found a shadowy altar of Dithmenos.
  7174 | D:10     | Entered Level 10 of the Dungeon
  7335 | D:10     | Found a staircase to the Orcish Mines.
  7621 | D:10     | Noticed Josephine
  7637 | D:10     | Killed Josephine
  7637 | D:10     | Reached ***** piety under Okawaru
  7637 | D:10     | Reached skill level 12 in Axes
  7637 | D:10     | Reached skill level 5 in Invocations
  8063 | D:10     | Reached XP level 11. HP: 89/95 MP: 14/14
  8267 | D:10     | Noticed a deep elf mage
  8280 | D:10     | Killed a deep elf mage
  8546 | D:11     | Noticed a five-headed hydra
  8635 | D:11     | Noticed a red ugly thing
  8695 | D:11     | Killed a red ugly thing
  8990 | D:11     | Found a staircase to the Lair.
  8998 | D:11     | Received a gift from Okawaru
  8998 | D:11     | Reached skill level 10 in Shields
  9005 | Lair:1   | Entered Level 1 of the Lair of Beasts
  9157 | Lair:1   | Reached skill level 13 in Axes
  9598 | Lair:1   | Reached ****** piety under Okawaru
 10046 | Lair:1   | Noticed an eight-headed hydra
 10055 | Lair:1   | Killed an eight-headed hydra
 10055 | Lair:1   | Received a gift from Okawaru
 10055 | Lair:1   | Reached skill level 10 in Armour
 10056 | Lair:1   | Got a steaming robe {god gift}
 10770 | Lair:2   | Noticed Drazool's ghost (journeyman GrEE)
 10801 | Lair:2   | Killed Drazool's ghost
 11122 | Lair:2   | Reached XP level 12. HP: 79/106 MP: 16/16
 11258 | Lair:2   | Reached skill level 10 in Fighting
 11383 | Lair:2   | Reached skill level 14 in Axes
 11571 | Lair:2   | Noticed Urug
 11586 | Lair:2   | Killed Urug
 12109 | Lair:2   | Upgraded the game from 0.19-a0-1889-g9c603be to 0.19-a0-1895-g783e625
 12255 | Lair:3   | Found a staircase to the Snake Pit.
 13422 | Lair:3   | Found a staircase to the Shoals.
 13947 | Lair:3   | Received a gift from Okawaru
 13947 | Lair:3   | Reached skill level 15 in Axes
 15285 | Lair:5   | Reached XP level 13. HP: 100/116 MP: 17/17
 15373 | Lair:5   | Found a staircase to the Slime Pits.
 15375 | Lair:5   | Found a viscous altar of Jiyva.
 16027 | Lair:6   | Entered Level 6 of the Lair of Beasts
 16133 | Lair:6   | Received a gift from Okawaru
 16532 | Lair:6   | Got a brightly glowing copper ring
 16809 | Lair:6   | Reached skill level 16 in Axes
 17158 | Lair:6   | Received a gift from Okawaru
 18188 | Lair:2   | Identified the ring "Sounn" {Int+5 Stlth+} (You found it on level 6 of the Lair of Beasts)
 18326 | D:11     | Noticed Nergalle
 18363 | D:11     | Killed Nergalle
 18579 | D:11     | Found Qicwa's Serpentskin Sales.
 18654 | D:11     | Noticed Fannar
 18704 | D:11     | Killed Fannar
 18704 | D:11     | Reached XP level 14. HP: 33/126 MP: 17/19
 19362 | D:12     | Got a brightly glowing chain mail
 19712 | D:12     | Identified the +7 chain mail of Kleptomania {rPois rC+} (You found it on level 12 of the Dungeon)
 19847 | D:12     | Received a gift from Okawaru
 20011 | D:12     | Reached skill level 17 in Axes
 20771 | D:13     | Found a frozen archway.
 20791 | IceCv    | Entered an ice cave
 21036 | IceCv    | Noticed a frost giant
 21051 | IceCv    | Killed a frost giant
 21051 | IceCv    | Received a gift from Okawaru
 21910 | D:13     | Reached skill level 10 in Invocations
 22478 | Snake:1  | Entered Level 1 of the Snake Pit
 22721 | Snake:1  | Reached skill level 18 in Axes
 23304 | Snake:1  | Reached XP level 15. HP: 110/135 MP: 21/21
 23641 | Snake:1  | Noticed Nikola
 23659 | Snake:1  | Killed from afar by Nikola

Vault maps used:
D:1:      nicolae_arrival_kraken_aquarium_b, minmay_misc_feat_alley,
          serial_bayou_pond_e
D:2:      kennysheep_generic_room_12, uniq_crazy_yiuf_cottage
D:3:      chequers_temple_overflow_minitemple, makhleb_heckhound_becter,
          uniq_jessica, uniq_sigmund
D:4:      elyvilon_altar_5, nicolae_overflow_crystal_walls, first_bread,
          uniq_menkaure, uniq_grinder, uniq_blork_the_orc, uniq_eustachio
D:5:      cheibrodos_ashenzari_chains
D:6:      basic_altar, uniq_pikel
D:7:      gammafunk_temple_overflow_claw, the_bakery, okawaru_ov_weapons_minmay
D:8:      uniq_psyche
D:9:      serial_shops, shop, nicolae_dithmenos_the_darkroom
D:10:     erik_orc_3, uniq_josephine
D:11:     minmay_lair_entry_grove, guppyfry_shop_venom, uniq_nergalle,
          uniq_fannar
D:13:     serial_ice, serial_ice_j, serial_ice_c, serial_ice_o, serial_ice_n,
          portal_ice_cave_entry_ice_beasts
Lair:1:   lemuel_fruit_fields, grunt_megastairs_4
Lair:2:   uniq_urug
Lair:3:   elwin_shoals_entry_rooms, minmay_snake_entry_six_corridors
Lair:4:   beast_lair_carwin_2, serial_bayou_shore_b
Lair:5:   slime_altar_1
Lair:6:   minmay_lair_end_enchanted_forest
Snake:1:  uniq_nikola
IceCv:    ice_cave_small_giant

Skill      XL: |  1  2  3  4  5  6  7  8  9 10 11 12 13 14 |
---------------+-------------------------------------------+-----
Axes           | 3 5 6 7 9 11 12 13 15 16 18 | 18.2
Fighting       | 4 5 6 7 8 9 11 12 13 | 13.1
Shields        | 4 5 6 7 8 9 10 11 12 13 | 13.5
Armour         | 4 5 6 8 9 10 11 12 13 | 13.4
Dodging        | 1 |  1.6
Invocations    | 2 3 5 6 7 9 10 | 10.3
Stealth        | |  0.3

Action                   |  1- 3 |  4- 6 |  7- 9 | 10-12 | 13-15 || total
-------------------------+-------+-------+-------+-------+-------++-------
Melee: War axe           |    60 |    92 |   325 |   871 |   338 ||  1686
       Headbutt          |     8 |    10 |    56 |   193 |   247 ||   514
       Flail             |       |       |       |    24 |    17 ||    41
       Broad axe         |       |       |       |       |   544 ||   544
       Executioner's axe |       |       |       |       |    73 ||    73
Throw: Tomahawk          |       |       |       |     5 |       ||     5
Invok: Heroism           |       |       |     6 |    12 |     7 ||    25
       Finesse           |       |       |       |     1 |       ||     1
  Use: Scroll            |       |     7 |    10 |    11 |     3 ||    31
       Potion            |       |     2 |       |     3 |     1 ||     6
  Eat: Fruit             |       |     2 |     2 |       |     3 ||     7
       Chunk             |       |     3 |     9 |    15 |    17 ||    44
       Meat ration       |       |       |       |     4 |     1 ||     5
       Beef jerky        |       |       |       |     1 |       ||     1
       Royal jelly       |       |       |       |       |     1 ||     1
Armor: Scale mail        |    25 |    15 |       |       |       ||    40
       Chain mail        |       |    43 |   146 |   258 |   424 ||   871
Dodge: Dodged            |    21 |    22 |    61 |   194 |   215 ||   513
Block: Shield            |    27 |    51 |   182 |   433 |   473 ||  1166
